 Dungeon Crawl Stone Soup version 0.23.0-28-g6fe0f4d (webtiles) character file.

Game seed: 5621670446478442460

95 nikopol the Firebug (level 4, 0/24 HPs)
             Began as a Deep Elf Fire Elementalist on Feb 24, 2019.
             Succumbed to a worker ant's poison
             ... on level 5 of the Dungeon on Feb 25, 2019.
             The game lasted 00:05:39 (1861 turns).

nikopol the Firebug (Deep Elf Fire Elementalist)    Turns: 1861, Time: 00:05:40

Health: 0/24       AC:  2    Str:  5    XL:     4   Next: 39%
Magic:  0/12       EV: 13    Int: 21    God:
Gold:   66         SH:  0    Dex: 15    Spells: 5/11 levels left

rFire    . . .     SeeInvis .   (no weapon)
rCold    . . .     Gourm    .   (no shield)
rNeg     . . .     Faith    .   a - +0 robe
rPois    .         Spirit   .   (no helmet)
rElec    .         Reflect  .   (no cloak)
rCorr    .         Harm     .   (no gloves)
MR       .....                  (no boots)
Stlth    ++........             (no amulet)
HPRegen  0.08/turn              (no ring)
MPRegen  0.13/turn              (no ring)

@: lethally poisoned (0 -> -14)
A: no striking features
a: no special abilities


You were on level 5 of the Dungeon.
You were hungry.

You visited 1 branch of the dungeon, and saw 4 of its levels.

You collected 66 gold pieces.

Inventory:

Armour
 a - a +0 robe (worn)
Jewellery
 i - a cursed ring of protection from fire {unknown}
Scrolls
 b - 2 scrolls of amnesia
 d - a scroll of identify
 f - a scroll of remove curse
Potions
 g - a potion of berserk rage
 h - a potion of lignification {unknown}
 k - a potion of might {unknown}
 l - a potion of haste {unknown}
Comestibles
 c - 3 rations
 j - 4 chunks of flesh


   Skills:
 + Level 2.7 Dodging
 + Level 2.8 Stealth
 + Level 4.3 Spellcasting
 + Level 2.0 Conjurations
 + Level 4.4 Fire Magic


You had 5 spell levels left.
You knew the following spells:

 Your Spells              Type           Power        Failure   Level  Hunger
a - Flame Tongue          Conj/Fire      ###..        3%          1    None
b - Throw Flame           Conj/Fire      ###...       4%          2    #......
c - Conjure Flame         Conj/Fire      ###.....     10%         3    ##.....

Your spell library contained the following spells:

 Spells                   Type           Power        Failure   Level  Hunger
 Inner Flame              Hex/Fire       ##......     14%         3    ##.....
 Sticky Flame             Conj/Fire      ###.....     30%         4    ####...
 Fireball                 Conj/Fire      ###.......   65%         5    ######.


Dungeon Overview and Level Annotations

Branches:
Dungeon (3/15)

Altars:

Annotations:
D:2 Terence


Message History

* * * LOW HITPOINT WARNING * * *
You feel sick.
The giant cockroach completely misses you.
* * * LOW HITPOINT WARNING * * *
You feel sick.
Cast which spell? (? or * to list)
Aiming: Flame Tongue (safe; 3% risk of failure)
Press: ? - help, Shift-Dir - straight line, f - giant cockroach
Aim: a giant cockroach (clinging)
The flame tongue hits the giant cockroach!
You kill the giant cockroach!
* * * LOW HITPOINT WARNING * * *
You feel sick.
Casting: Flame Tongue (safe; 3% risk of failure)
Confirm with . or Enter, or press ? or * to list all spells.
Aiming: Flame Tongue (safe; 3% risk of failure)
Press: ? - help, Shift-Dir - straight line, f - worker ant
Aim: a worker ant The flame tongue misses the worker ant.
You die...

#...#### ##.# #......##
...## #......## #....#
#.......##.....##
####...%.........?#
#..................
###.#................ #
##..........##a.#....
#.#..........###@.# ..
.............###..#
.....†#.............
#.....................
#..........#............
#..........#....?.......
####.....#.#............
#.....##...........##
#...... ...


You could see a worker ant.

Vanquished Creatures
  2 adders (D:2)
  A shadow imp (D:5)
  3 worms
  4 dart slugs
  A leopard gecko (D:2)
  3 ball pythons
  3 giant cockroaches
  5 goblins
  8 hobgoblins
  A quokka (D:2)
  6 bats
  3 frilled lizards (D:2)
  5 kobolds
  7 rats
52 creatures vanquished.

Notes
Turn   | Place    | Note
-------+----------+-------------------------------------------
     0 | D:1      | nikopol the Deep Elf Fire Elementalist began the quest for
                  | the Orb.
     0 | D:1      | Reached XP level 1. HP: 10/10 MP: 6/6
   101 | D:1      | Reached XP level 2. HP: 15/15 MP: 5/8
   402 | D:1      | Reached XP level 3. HP: 19/19 MP: 6/10
   644 | D:2      | Learned a level 2 spell: Throw Flame
   648 | D:2      | Learned a level 3 spell: Conjure Flame
   660 | D:2      | Noticed Terence
  1350 | D:2      | Reached XP level 4. HP: 24/24 MP: 8/12
  1834 | D:3      | You fall through a shaft for 2 floors!
  1834 | D:5      | Entered Level 5 of the Dungeon
  1848 | D:5      | Upgraded the game from 0.23.0-3-gf3c87f2 to
                  | 0.23.0-28-g6fe0f4d
  1860 | D:5      | HP: 1/24 [poisoned by a worker ant]
  1861 | D:5      | Succumbed to a worker ant's poison

Skill      XL: |  1  2  3  4 |
---------------+-------------+-----
Fire Magic     | 4 |  4.4
Spellcasting   | 4 |  4.3
Conjurations   | 2 |  2.0
Dodging        | |  2.7
Stealth        | |  2.8

Action                   |  1- 3 |  4- 6 || total
-------------------------+-------+-------++-------
Melee: Unarmed           |       |     1 ||     1
 Cast: Flame Tongue      |    76 |    32 ||   108
  Use: Scroll            |       |     6 ||     6
  Eat: Chunk             |     1 |     1 ||     2
Armor: Robe              |     2 |     8 ||    10
Dodge: Dodged            |    12 |    16 ||    28
